Map: Acropolis LE

Players

DisK - Winner!

  • Race: Protoss Protoss
  • Spawn Location: 11:00

Bioice

  • Race: Zerg Zerg
  • Spawn Location: 5:00

VOD

Have the link to the VOD?

Description

Time

  • Played on: Sept. 6, 2019, 2:46 p.m.
  • Length: 16:56
Show
View Real Time Build Order
Export as new Build Order

DisK Protoss - Winner!

Build Orders: 1 Gate Expand, Oracle Opening, Archon Immortal 

Get SALT Encoding   

  12  0:00  Probe  
  13  0:12  Probe  
  14  0:20  Pylon  
  14  0:24  Probe  
  15  0:35  Probe  
  15  0:40  Gateway  
  16  0:43  Probe  
  16  0:48  Assimilator  
  17  0:52  Probe  
  18  1:04  Probe  
  19  1:16  Probe  
  20  1:23  Nexus  
  20  1:29  Probe  
  21  1:37  Cybernetics Core  
  21  1:41  Probe  
  21  1:45  Assimilator  
  22  1:52  Pylon  
  22  1:55  Probe  
  23  2:04  Stalker  
  23  2:10  Probe  
  26  2:22  Stargate  
  26  2:25  Probe  
  27  2:30  Warp Gate  
  27  2:32  Probe  
  27  2:33  Probe  
  28  2:40  Probe  
  28  2:43  Adept  
  31  2:44  Probe  
  32  2:51  Probe  
  32  2:55  Probe  
  32  2:56  Oracle  
  34  3:00  Gateway  
  34  3:05  Probe  
  35  3:11  Probe  
  39  3:14  Pylon  
  39  3:17  Probe  
  40  3:23  Probe  
  41  3:29  Probe  
  41  3:33  Oracle  
  45  3:35  Probe  
  45  3:39  Pylon  
  46  3:41  Probe  
  46  3:43  Assimilator  
  46  3:46  Shield Battery  
  47  3:48  Assimilator  
  47  3:49  Probe  
  47  3:55  Probe  
  49  4:03  Probe  
  49  4:05  Probe  
  49  4:08  Pylon  
  51  4:11  Probe  
  51  4:12  Oracle  
  55  4:17  Probe  
  55  4:21  Probe  
  55  4:23  Robotics Facility  
  57  4:26  Zealot, Adept  
  57  4:29  Probe  
  62  4:34  Probe  
  63  4:47  Probe  
  63  4:48  Probe  
  63  4:50  Nexus  
  63  4:52  Pylon  
  65  4:59  Probe  
  66  5:02  Pylon, Zealot x2  
  66  5:06  Twilight Council  
  70  5:07  Forge  
  70  5:11  Immortal  
  70  5:15  Probe x2  
  70  5:19  Shield Battery  
  72  5:27  Probe x2  
  78  5:31  Pylon  
  78  5:35  Protoss Ground Weapons Level 1  
  78  5:39  Probe x2  
  80  5:42  Immortal  
  80  5:45  Charge  
  77  5:51  Probe x2  
  77  5:55  Templar Archives  
  83  6:01  Shield Battery  
  83  6:02  Probe  
  83  6:03  Probe x2  
  86  6:05  Sentry x2  
  86  6:11  Gateway  
  90  6:13  Gateway  
  90  6:14  Probe  
  90  6:15  Probe x2  
  93  6:23  Immortal  
  90  6:26  Probe  
  90  6:27  Assimilator  
  90  6:29  Assimilator  
  90  6:31  Psionic Storm  
  90  6:32  High Templar  
  97  6:37  Gateway  
  97  6:39  Gateway  
  97  6:46  Photon Cannon  
  97  6:54  High Templar  
  97  6:57  Probe x3  
  97  7:00  Gateway  
  102  7:02  Warp Prism  
  102  7:03  Gateway  
  102  7:04  Gateway  
  102  7:06  Pylon  
  102  7:08  High Templar x2  
  108  7:09  Probe  
  108  7:12  Pylon  
  108  7:14  Pylon  
  109  7:21  Pylon  
  109  7:24  Probe, Phoenix  
  109  7:28  Photon Cannon  
  112  7:30  Photon Cannon  
  112  7:31  Photon Cannon  
  112  7:32  High Templar x2  
  112  7:36  Archon  
  116  7:38  Zealot, High Templar  
  116  7:42  Observer  
  121  7:54  Zealot x2  
  123  7:58  Phoenix  
  123  8:09  Zealot x5  
  132  8:15  Phoenix  
  127  8:32  Immortal  
  113  8:41  Zealot x3, High Templar x4  
  113  8:42  Zealot  
  113  8:45  Shield Battery  
  117  9:06  Sentry x2  
  117  9:07  Sentry  
  117  9:08  Stalker  
  125  9:10  Probe  
  125  9:11  Immortal, Probe  
  131  9:23  Zealot x4  
  116  9:33  Probe  
  116  9:34  Probe  
  116  9:36  Protoss Ground Weapons Level 2  
  116  9:38  Archon  
  118  9:40  Zealot, Warp Prism, High Templar  
  118  9:41  Zealot x2  
  118  9:43  Gateway  
  118  9:45  Gateway  
  126  9:48  Gateway  
  128  9:54  Photon Cannon  
  128  9:57  Nexus  
  128  9:59  Pylon  
  128  10:01  Shield Battery, Pylon  
  128  10:04  Assimilator  
  128  10:06  Assimilator  
  128  10:10  High Templar x3  
  132  10:15  Archon  
  132  10:17  Pylon  
  132  10:19  Zealot x2  
  132  10:20  Sentry x2  
  138  10:21  Pylon  
  135  10:35  Pylon  
  135  10:36  Pylon  
  135  10:37  Blink  
  135  10:43  Zealot  
  135  10:44  Zealot x4  
  145  10:53  Fleet Beacon  
  131  11:13  Stalker x7  
  131  11:14  Zealot x4, Nexus  
  131  11:18  Pylon  
  153  11:20  Pylon  
  153  11:36  Sentry x2  
  153  11:37  Zealot x2, Sentry  
  153  11:38  Zealot x5  
  173  12:00  Zealot x3  
  173  12:01  Zealot  
  175  12:04  Zealot x6  
  169  12:14  Probe x2  
  169  12:15  Protoss Ground Weapons Level 3, Probe  
  168  12:27  High Templar x7  
  182  12:31  Archon x2  
  176  12:50  Tempest  
  171  12:56  Stalker x4  
  163  13:01  Stalker x5  
  163  13:02  Stalker  
  163  13:04  Assimilator  
  163  13:05  Assimilator  
  175  13:27  Photon Cannon  
  175  13:30  Photon Cannon, Zealot  
  175  13:31  Zealot x6  
  175  13:32  Shield Battery, Zealot x2  
  193  13:46  Pylon  
  193  14:01  Dark Shrine  
  193  14:03  Stargate, Tempest  
  193  14:05  Pylon  
  172  14:40  Stalker x2  
  172  14:41  Stalker x9  
  172  14:43  Warp Prism  
  176  15:10  Tempest x2  
  164  15:15  High Templar  
  164  15:16  Zealot x5, High Templar x2  
  182  15:30  Zealot x2  
  182  15:33  Archon  
  186  15:36  High Templar x4  
  186  15:37  Observer, High Templar  
  186  15:39  High Templar  
  186  15:40  Archon x2  
  194  15:55  Nexus  
  194  15:56  Pylon  
  194  16:09  Zealot x5  
  194  16:10  Zealot x2  
  178  16:30  Archon x2  
  157  16:45  Zealot x7  
  157  16:46  High Templar x4  
Show
View Real Time Build Order
Export as new Build Order

Bioice Zerg 

Build Orders: Hatch First, Brood Lord Corruptor 

Get SALT Encoding   

  12  0:01  Drone  
  13  0:12  Overlord  
  13  0:18  Drone  
  14  0:31  Drone  
  14  0:32  Drone  
  16  0:48  Hatchery  
  15  0:54  Drone  
  15  0:56  Drone  
  17  0:59  Drone  
  18  1:09  Extractor  
  17  1:15  Spawning Pool  
  16  1:18  Drone  
  16  1:20  Drone  
  18  1:28  Drone  
  19  1:40  Drone  
  20  1:50  Drone  
  21  2:01  Queen  
  21  2:02  Queen  
  21  2:03  Drone  
  21  2:04  Drone  
  27  2:16  Hatchery  
  27  2:20  Overlord  
  26  2:24  Metabolic Boost  
  26  2:29  Zergling x2  
  27  2:31  Drone  
  28  2:48  Drone x3  
  28  2:51  Queen  
  31  2:52  Overlord  
  31  2:54  Overlord  
  33  3:12  Drone x2  
  35  3:13  Drone  
  35  3:14  Overlord  
  35  3:16  Drone x5  
  41  3:24  Spore Crawler, Drone  
  41  3:26  Spore Crawler, Drone  
  41  3:29  Drone  
  42  3:34  Queen  
  42  3:37  Drone x2  
  46  3:43  Drone x3  
  46  3:45  Spore Crawler  
  48  3:50  Zergling x6  
  48  3:53  Zergling x4  
  53  4:06  Roach Warren  
  53  4:07  Drone  
  53  4:08  Drone x4  
  57  4:10  Drone  
  57  4:15  Lair  
  58  4:19  Overlord  
  58  4:21  Overlord  
  58  4:24  Overlord  
  58  4:36  Overlord, Queen x2  
  60  4:48  Drone x5  
  60  4:51  Drone x2  
  63  5:00  Drone x4  
  63  5:03  Drone x2  
  63  5:04  Drone  
  70  5:07  Drone, Extractor x2  
  70  5:12  Overlord, Queen x2  
  73  5:17  Extractor  
  73  5:20  Glial Reconstitution  
  72  5:21  Extractor  
  72  5:22  Extractor, Roach  
  72  5:23  Zergling x2, Roach x3  
  72  5:24  Zergling x4  
  72  5:27  Drone  
  81  5:29  Drone  
  81  5:34  Drone x2  
  81  5:35  Drone x2  
  86  5:37  Drone  
  87  5:48  Queen  
  84  5:57  Spire  
  84  6:01  Drone x3  
  84  6:02  Drone  
  84  6:03  Overlord  
  84  6:04  Drone x8  
  95  6:16  Hatchery  
  94  6:22  Zergling x8  
  94  6:23  Zergling x2  
  95  6:30  Drone  
  96  6:33  Drone x2  
  96  6:34  Evolution Chamber, Drone x2  
  96  6:37  Infestation Pit  
  100  6:40  Roach x3  
  100  6:42  Overlord  
  104  6:51  Overlord  
  104  6:54  Overlord x2  
  104  6:55  Overlord x2  
  104  7:00  Zerg Melee Weapons Level 1  
  104  7:07  Overlord x2  
  104  7:10  Mutalisk x7  
  104  7:15  Hive  
  118  7:20  Drone x7  
  122  7:38  Roach x8  
  122  7:43  Overlord  
  137  7:49  Roach x5  
  137  7:50  Roach x4  
  155  7:56  Ravager x3  
  155  7:57  Ravager  
  157  8:00  Roach  
  157  8:01  Roach x3  
  165  8:08  Roach x4  
  172  8:16  Roach x5  
  174  8:22  Roach x2  
  172  8:37  Roach  
  161  8:45  Roach x11  
  183  8:50  Greater Spire  
  180  8:57  Ravager x2  
  180  8:58  Overlord  
  177  9:04  Extractor  
  177  9:05  Zergling x6  
  177  9:06  Zergling x8  
  183  9:14  Zergling x2, Hatchery  
  173  9:25  Extractor  
  173  9:26  Roach x5  
  173  9:27  Roach x8  
  184  9:38  Corruptor x4  
  182  9:51  Corruptor x2  
  186  9:53  Zergling x10  
  191  10:18  Overlord x3  
  191  10:28  Brood Lord x2  
  191  10:29  Brood Lord  
  197  10:40  Overlord  
  197  10:42  Corruptor  
  199  10:53  Spore Crawler  
  199  10:55  Spine Crawler  
  199  10:56  Spine Crawler  
  195  10:57  Spine Crawler  
  192  11:06  Extractor  
  192  11:08  Brood Lord x3, Extractor  
  188  11:21  Spore Crawler, Spine Crawler  
  188  11:22  Spine Crawler  
  186  11:27  Spine Crawler  
  185  11:33  Drone x2  
  185  11:34  Drone x5  
  185  11:35  Corruptor, Drone x3  
  185  11:36  Corruptor  
  193  11:49  Brood Lord  
  183  12:07  Zergling x12  
  183  12:08  Zergling x34  
  182  12:10  Zerg Melee Weapons Level 2  
  182  12:11  Adrenal Glands  
  182  12:13  Brood Lord x2  
  162  12:18  Roach x4  
  162  12:19  Zergling x4, Roach x2  
  162  12:21  Corruptor x4  
  166  12:26  Drone  
  166  12:27  Drone x2  
  166  12:28  Drone  
  170  12:32  Corruptor  
  172  12:43  Roach x4  
  161  13:14  Brood Lord x5  
  161  13:16  Corruptor x2  
  167  13:41  Hatchery  
  167  13:44  Corruptor x4  
  169  13:55  Pathogen Glands  
  143  14:35  Brood Lord x3  
  143  14:36  Brood Lord x3  
  143  14:37  Corruptor x3  
  143  14:38  Corruptor  
  163  14:43  Infestor x2  
  167  14:58  Corruptor x2  
  145  15:20  Infestor x6  
  145  15:21  Infestor  
  157  15:29  Drone  
  157  15:30  Drone x2  
  157  15:33  Zergling x2  
  157  15:34  Zergling x10  
  157  15:35  Zergling x2  
  167  15:41  Infestor  
  167  15:42  Infestor  
  171  15:53  Infestor x2  
  171  15:54  Infestor  
  176  16:07  Corruptor x2  
  173  16:12  Zergling x6  
Tags
 
Add a new tag
Caveats
  • Supply blocks, unpowered buildings, or Contaminate may cause inaccurate times.
  • Supply counts are checked every 10 seconds.